 Dungeon Crawl Stone Soup version 0.28-a0-79-g444c7a33f5 (webtiles) character file.

Game seed: 1873369662940157870

2 hito the Covert (level 1, 23/23 HPs)
             Began as a Gnoll Delver on May 16, 2021.
             Quit the game on level 4 of the Dungeon on Aug 4, 2021.
             The game lasted 00:01:30 (111 turns).

hito the Covert (Gnoll Delver)                       Turns: 111, Time: 00:01:31

Health: 23/23      AC:  3    Str: 11    XL:     1   Next: 30%
Magic:  1/1        EV: 13    Int:  9    God:
Gold:   0          SH:  0    Dex: 13    Spells: 0/0 levels left

rFire   . . .      SeeInvis .   a - +0 spear
rCold   . . .      Faith    .   (no shield)
rNeg    . . .      Spirit   .   b - +0 leather armour
rPois   .          Reflect  .   (no helmet)
rElec   .          Harm     .   (no cloak)
rCorr   .          Rampage  .   (no gloves)
Will    .....                   (no boots)
Stlth   ++++......              (no amulet)
HPRegen 0.07/turn               (no ring)
MPRegen 0.07/turn               (no ring)

@: no status effects
A: fangs 1, strong nose, distributed training
a: no special abilities


You were on level 4 of the Dungeon.
You visited 1 branch of the dungeon, and saw 2 of its levels.

Inventory:

Hand Weapons
 a - a +0 spear (weapon)
Armour
 b - a +0 leather armour (worn)
Wands
 g - a wand of digging (3)
Scrolls
 c - 2 scrolls of fog
 e - a scroll of fear
 h - a scroll of immolation {unknown}
Potions
 f - a potion of haste


   Skills:
 + Level 6.4 Fighting
 + Level 0.0 Short Blades
 + Level 0.0 Long Blades
 + Level 0.0 Axes
 + Level 0.0 Maces & Flails
 + Level 4.4 Polearms
 + Level 0.0 Staves
 + Level 0.0 Slings
 + Level 0.0 Bows
 + Level 0.0 Crossbows
 + Level 0.0 Throwing
 + Level 0.0 Armour
 + Level 4.4 Dodging
 + Level 9.5 Stealth
 + Level 0.0 Shields
 + Level 0.0 Unarmed Combat
 + Level 0.0 Spellcasting
 + Level 0.0 Conjurations
 + Level 0.0 Hexes
 + Level 0.0 Summonings
 + Level 0.0 Necromancy
 + Level 0.0 Translocations
 + Level 0.0 Transmutations
 + Level 0.0 Fire Magic
 + Level 0.0 Ice Magic
 + Level 0.0 Air Magic
 + Level 0.0 Earth Magic
 + Level 0.0 Poison Magic
 + Level 0.1 Invocations
 + Level 0.0 Evocations


You couldn't memorise any spells.
You didn't know any spells.
Your spell library was empty.

Dungeon Overview and Level Annotations

Branches:
Dungeon (5/15)             Temple (0/1) D:5

Altars:


Innate Abilities, Weirdness & Mutations

You have very sharp teeth.
Your uncanny sense of smell can sniff out nearby items.
Your experience applies equally to all skills.


Message History

Sorry, you're not good enough to have a special ability.
Unknown command.
Found 13 stones.
h - a scroll labelled PIUTHA ONIURR A gnoll comes into view.
It is wielding a +0 halberd.
An orc comes into view. It is wielding a +0 hand axe.
Found a hunting sling.
Reach: a) +0 spear
Press: ? - help, Dir - move target, f - orc
Aim: an orc, wielding a +0 hand axe (asleep, about 2% to evade your +0 spear)
You reach to attack!
The helpless orc fails to defend itself.
You puncture the orc!
You kill the orc!
A black bear comes into view.
Things that are here:
a +0 hand axe; an orc corpse
Found 11 gold pieces.
As you read the scroll of magic mapping, it crumbles to dust.
You feel aware of your surroundings.
Found a flail and a robe.
Found a scroll labelled MOLLAO YDAN.
You see here a +0 robe.
Found a stone staircase leading up.
There is a stone staircase leading up here.
You climb upwards.
There is a stone staircase leading down here.
Found a robe.
You see here a +0 robe.
You see here a +0 robe.
Found a stone staircase leading down.
You open the door.
Found 9 stones and a trident.
A jelly comes into view.
There is an open door here.
You close the door.
Save game and exit?
Welcome back, hito the Gnoll Delver.
Press ? for a list of commands and other information.
Are you sure you want to abandon this character and quit the game? (Confirm with "yes".)

#)....##...###...####
..(....#.#.####.##
.......#...##...#
J......+..###.###
.......#..# #.#
.......#..# #.#
#.....##..###.#
###+####......#
#..@...### #........#
.........>.#
###........#
##.#.....# #.###.###
#. .# .#


There were no monsters in sight!

Vanquished Creatures
  An orc (D:5)
1 creature vanquished.

Notes
Turn   | Place    | Note
-------+----------+-------------------------------------------
     0 | D:5      | Reached skill level 9 in Stealth
     0 | D:5      | hito the Gnoll Delver began the quest for the Orb.
     0 | D:5      | Reached XP level 1. HP: 23/23 MP: 1/1
    42 | D:5      | Noticed a black bear
   103 | D:4      | Noticed a jelly
   111 | D:4      | Upgraded the game from 0.27-a0-1177-g245c70e1c0 to
                  | 0.28-a0-79-g444c7a33f5
   111 | D:4      | Quit the game

Illustrated notes

Levels and vault maps discovered:
D:4:      layout_loops_ring, nicolae_overflow_hidden_temple,
          minmay_overflow_temple_star_quad, kennysheep_flooded_box, uniq_duvessa
D:5:      layout_cave_pools, minmay_temple_entry_stoned_glass,
          kennysheep_generic_room_8

Skill      XL: | |
---------------+-+-----
Stealth        | |  9.5
Fighting       | |  6.4
Polearms       | |  4.4
Dodging        | |  4.4
Invocations    | |  0.1

Action                   || total
-------------------------++-------
Melee: Spear             ||     1
  Use: Scroll            ||     1
 Stab: Sleeping          ||     1

Table legend: (Time is in decaauts)
 A = Elapsed time spent in this place.
 B = Non-inter-level travel time spent in this place.
 C = Inter-level travel time spent in this place.
 D = Time resting spent in this place.
 E = Time spent auto-exploring this place.
 F = Levels seen in this place.
 G = Mean time per level.
                   A        B        C        D        E       F      G
               +--------+--------+--------+--------+--------+-----+--------+
         Total |    110 |    110 |      0 |      0 |     13 |   2 |   55.0 |
       Dungeon |    110 |    110 |      0 |      0 |     13 |   2 |   55.0 |
               +--------+--------+--------+--------+--------+-----+--------+

Top non-repeatable levels by time:
     D:5: 68 daAuts
     D:4: 41 daAuts
